 Dungeon Crawl Stone Soup version 0.29.1-1-gd02db6906a (webtiles) character file.

Game seed: 7514230743836253274

1409 H0rd4k the Cutter (level 9, -1/67 HPs)
             Began as a Human Artificer on Oct 13, 2022.
             Was an Initiate of Gozag.
             Slain by a vampire mosquito (11 damage)
             ... on level 6 of the Dungeon.
             The game lasted 00:08:39 (4225 turns).

H0rd4k the Cutter (Human Artificer)                 Turns: 4225, Time: 00:08:40

Health: -1/67      AC:  3    Str: 14    XL:     9   Next: 1%
Magic:  9/9        EV: 13    Int: 15    God:    Gozag
Gold:   304        SH:  0    Dex: 13    Spells: 8/8 levels left

rFire   . . .      SeeInvis .   d - +8 trident of the Octopus King {venom, rElec rPois}
rCold   . . .      Faith    .   (no shield)
rNeg    . . .      Spirit   .   b - +0 leather armour
rPois   +          Reflect  .   (no helmet)
rElec   +          Harm     .   (no cloak)
rCorr   .          Rampage  .   (no gloves)
Will    .....                   (no boots)
Stlth   +.........              n - amulet of regeneration
HPRegen 1.01/turn               (no ring)
MPRegen 0.11/turn               (no ring)

@: no status effects
A: no striking features
a: Renounce Religion, Potion Petition, Call Merchant, Bribe Branch


You were on level 6 of the Dungeon.
You worshipped Gozag.
Gozag was aware of your devotion.
You visited 2 branches of the dungeon, and saw 7 of its levels.

You collected 371 gold pieces.
You paid 67 gold pieces to Gozag.

Inventory:

Hand Weapons
 d - the +8 trident of the Octopus King (weapon) {venom, rElec rPois}
   (You found it on level 5 of the Dungeon)

   It poisons the flesh of those it strikes.
   rElec:     It insulates you from electricity.
   rPois:     It protects you from poison.
 g - a +0 dagger of speed
Missiles
 l - 3 poisoned darts (quivered)
Armour
 b - a +0 leather armour (worn)
 t - a +0 helmet
Magical Staves
 i - a staff of earth
 r - a staff of death
Jewellery
 n - an amulet of regeneration (around neck)
Wands
 c - a wand of flame (22)
 e - a wand of iceblast (2)
 p - a wand of quicksilver (11)
Scrolls
 f - 5 scrolls of identify {unknown}
 h - a scroll of poison {unknown}
 m - 4 scrolls of teleportation {unknown}
 v - a scroll of amnesia {unknown}
Potions
 a - 2 potions of heal wounds {unknown}
 j - a potion of cancellation {unknown}
 k - 2 potions of brilliance {unknown}
 o - a potion of curing {unknown}
 q - a potion of might {unknown}
 s - a potion of mutation {unknown}
 u - a potion of haste


   Skills:
 + Level 4.9 Fighting
 + Level 5.2 Short Blades
 + Level 1.3(2.2) Maces & Flails
 + Level 4.2(4.5) Polearms
 * Level 2.5(3.9) Staves
 + Level 1.2 Throwing
 - Level 2.0 Armour
 + Level 4.5 Dodging
 - Level 1.0 Stealth
 - Level 3.0 Evocations


You had 8 spell levels left.
You didn't know any spells.
Your spell library contained the following spells:

 Spells                   Type           Power      Damage    Failure   Level
 Shock                    Conj/Air       0%         1d3       32%         1
 Ensorcelled Hibernation  Hex/Ice        0%         N/A       45%         2
 Spider Form              Tmut/Pois      0%         N/A       69%         3
 Stone Arrow              Conj/Erth      0%         3d7       69%         3
 Swiftness                Air            0%         N/A       69%         3
 Airstrike                Air            0%         2d(0-16)  97%         4
 Anguish                  Hex/Necr       0%         N/A       97%         4
 Animate Armour           Summ/Erth      0%         N/A       97%         4
 Lehudib's Crystal Spear  Conj/Erth      0%         10d2      100%        8


Dungeon Overview and Level Annotations

Branches:
Dungeon (6/15)             Temple (1/1) D:5

Altars:
Ashenzari
Cheibriados
Dithmenos
Elyvilon
Fedhas
Gozag
Hepliaklqana
Kikubaaqudgha
Makhleb
Nemelex Xobeh
Okawaru
Qazlal
Ru
Trog
Uskayaw
Vehumet
Xom
Yredelemnul
Zin
The Shining One

Annotations:
D:2 exclusion: downstairs
D:3 Sigmund
D:4 exclusion: upstairs
D:5 exclusion: downstairs


Message History

The vampire mosquito bites you.
The vampire mosquito draws strength from your injuries!
The vampire mosquito bites you.
The vampire mosquito draws strength from your injuries!
You are too injured to fight recklessly!
You are too injured to fight recklessly!
You are too injured to fight recklessly!
You are too injured to fight recklessly!
You are too injured to fight recklessly!
You are too injured to fight recklessly!
You are too injured to fight recklessly!
You puncture the vampire mosquito!
The vampire mosquito is heavily damaged.
The vampire mosquito bites you!
The vampire mosquito draws strength from your injuries!
The vampire mosquito bites you but does no damage.
You miss the vampire mosquito.
The vampire mosquito is heavily damaged.
The vampire mosquito closely misses you.
The vampire mosquito bites you!
* * * LOW HITPOINT WARNING * * *
The vampire mosquito draws strength from your injuries!
You closely miss the vampire mosquito.
You punch the vampire mosquito, but do no damage.
The vampire mosquito is lightly damaged.
The vampire mosquito bites you!
* * * LOW HITPOINT WARNING * * *
The vampire mosquito draws strength from your injuries!
The vampire mosquito closely misses you.
That's the wrong kind of item! (Use * to select it.) Evoke which item? (* to show all) (? for menu, Esc to quit)
Okay, then.
Aiming: Quicksilver Bolt
Press: ? - help, Shift-Dir - straight line, f/p - vampire mosquito
Aim: a vampire mosquito (lightly damaged, 57% to hit)
The bolt of dispelling energy hits the vampire mosquito!
The vampire mosquito is severely damaged.
The vampire mosquito bites you!
You die...
Your body crumbles into a pile of gold.

#.#...##.........#
#...#....#.#######
...#....##.#
.#.........#
#....#....###
.....##....#
##...........#####
#<...............#
#.....##......@....#
#..#...##......y$......
#.....####./..........?


yy. ...# #............. ...$.#.# #............. y# ## .# ######.(.>.... . .#
#........ #.....[.. You could see a vampire mosquito.

Vanquished Creatures
  2 yaks
  A vampire mosquito (D:6)
  2 ice beasts (D:5)
  An ogre (D:6)
  A necrophage (D:6)
  2 scorpions
  A howler monkey (D:5)
  4 hounds
  An orc priest (D:5)
  2 iguanas
  Terence (D:2)
  Natasha (twice) (D:2)
  An orc wizard (D:5)
  5 adders
  2 gnolls (D:2)
  An ufetubus (D:5)
  A worm (D:4)
  5 dart slugs
  6 orcs
  3 endoplasms
  6 giant cockroaches
  4 goblins
  4 hobgoblins
  4 jackals (D:1)
  8 kobolds
  3 quokkas
  5 ball pythons
  4 frilled lizards
  7 rats
89 creatures vanquished.

Vanquished Creatures (collateral kills)
  An iguana (D:4)
  A gnoll (D:2)
  An adder (D:4)
  An orc (D:3)
  A bat (D:2)
  An endoplasm (D:2)
  A goblin (D:4)
  A ball python (D:3)
8 creatures vanquished.

Vanquished Creatures (others)
  An orc wizard (D:3)
  Natasha (D:2)
  2 adders
4 creatures vanquished.

Grand Total: 101 creatures vanquished

Notes
Turn   | Place    | Note
-------+----------+-------------------------------------------
     0 | D:1      | H0rd4k the Human Artificer began the quest for the Orb.
     0 | D:1      | Reached XP level 1. HP: 15/15 MP: 1/1
     0 | D:1      | Noticed a draconian
     0 | D:1      | Noticed a vine stalker
     1 | D:1      | Noticed a dwarf
     2 | D:1      | Noticed a troll
     4 | D:1      | Noticed a vampire
     7 | D:1      | Noticed a demigod
     8 | D:1      | Noticed a dwarf
     9 | D:1      | Noticed a vampire
    11 | D:1      | Noticed a troll
    11 | D:1      | Noticed a spriggan
    13 | D:1      | Noticed a vine stalker
    13 | D:1      | Noticed an ogre
    15 | D:1      | Noticed a human
    17 | D:1      | Noticed a naga
    17 | D:1      | Noticed a ghoul
    17 | D:1      | Noticed a barachi
    19 | D:1      | Noticed a draconian
    21 | D:1      | Noticed a vine stalker
   519 | D:1      | Found a faded altar of an unknown god.
   529 | D:1      | Reached XP level 2. HP: 20/21 MP: 2/2
  1055 | D:1      | Reached XP level 3. HP: 27/27 MP: 3/3
  1497 | D:2      | Reached skill level 1 in Maces & Flails
  1557 | D:2      | Reached skill level 1 in Short Blades
  1566 | D:2      | Reached XP level 4. HP: 29/33 MP: 4/4
  1733 | D:2      | Noticed Terence
  1955 | D:2      | Found a broken altar of Ashenzari.
  1955 | D:2      | You fall into a shaft and drop 1 floor!
  2403 | D:2      | Noticed Natasha
  2405 | D:2      | Killed Natasha
  2406 | D:2      | Reached skill level 2 in Short Blades
  2406 | D:2      | Reached XP level 5. HP: 39/39 MP: 5/5
  2798 | D:2      | Noticed Natasha
  2810 | D:2      | Your ally Natasha died
  2822 | D:2      | Killed Terence
  2828 | D:2      | Noticed Natasha
  2831 | D:2      | Killed Natasha
  2875 | D:3      | Noticed Sigmund
  3124 | D:4      | Reached skill level 3 in Short Blades
  3124 | D:4      | Reached XP level 6. HP: 33/46 MP: 6/6
  3339 | D:4      | Found a hide-covered altar of Uskayaw.
  3518 | D:5      | Entered Level 5 of the Dungeon
  3518 | D:5      | Noticed a yak
  3518 | D:5      | Noticed a yak
  3518 | D:5      | Noticed a yak
  3518 | D:5      | Noticed a yak
  3518 | D:5      | Noticed a yak
  3518 | D:5      | Noticed a yak
  3529 | D:4      | Reached skill level 4 in Short Blades
  3562 | D:5      | Found the +8 trident of the Octopus King {venom, rElec
                  | rPois}
  3576 | D:5      | Reached XP level 7. HP: 50/52 MP: 7/7
  3631 | D:5      | Found a staircase to the Ecumenical Temple.
  3703 | Temple   | Entered the Ecumenical Temple
  3709 | Temple   | Became a worshipper of Gozag Ym Sagoz the Greedy
  3757 | D:5      | Reached skill level 1 in Polearms
  3782 | D:5      | Reached skill level 5 in Short Blades
  3813 | D:5      | Reached XP level 8. HP: 50/60 MP: 8/8
  3941 | D:4      | Killed a yak
  3942 | D:4      | Reached skill level 1 in Staves
  3985 | D:4      | Found a shadowy altar of Dithmenos.
  3985 | D:4      | Found a bloodstained altar of Trog.
  4064 | D:5      | Killed a yak
  4065 | D:5      | Reached skill level 1 in Throwing
  4214 | D:6      | Reached XP level 9. HP: 67/67 MP: 9/9
  4225 | D:6      | Slain by a vampire mosquito

Illustrated notes

Levels and vault maps discovered:
D:1:      shiori_arrival_whats_in_store_for_you, layout_loops_ring,
          ebering_ecumenical_altar_mist, minmay_fountain_box
D:2:      layout_basic, basic_altar, uniq_natasha, uniq_terence
D:3:      layout_loops_cross, uniq_sigmund
D:4:      layout_cave_pools, nicolae_overflow_hidden_temple,
          nicolae_uskayaw_murder_on_the_dancefloor
D:5:      layout_rooms, minmay_temple_entry_junction
D:6:      layout_rooms, hangedman_abyss_or_decor_stagger
Temple:   sentei_temple_godly_chess

Skill      XL: |  1  2  3  4  5  6  7  8 |
---------------+-------------------------+-----
Maces & Flails | 1 |  1.3
Short Blades   | 1 2 3 4 5 |  5.2
Dodging        | 2 3 4 |  4.5
Fighting       | 2 3 4 |  4.9
Polearms       | 1 4 |  4.2
Staves         | 2 |  2.5
Throwing       | 1 |  1.2
Armour         | |  2.0
Stealth        | |  1.0
Evocations     | |  3.0

Action                   |  1- 3 |  4- 6 |  7- 9 || total
-------------------------+-------+-------+-------++-------
Melee: Club              |    44 |       |       ||    44
       Dagger            |    82 |   252 |       ||   334
       Punch             |     2 |       |     2 ||     4
       Trident           |       |     4 |    97 ||   101
Throw: Dart              |       |     4 |     3 ||     7
Evoke: Wand              |     2 |    29 |     4 ||    35
 Stab: Sleeping          |     4 |     2 |     1 ||     7
Armor: Leather armour    |    30 |    30 |    17 ||    77
Dodge: Dodged            |    55 |   125 |    50 ||   230
